 Dungeon Crawl Stone Soup version 0.24.0-37-gcf1ca852f1 (webtiles) character file.

Game seed: 290325278746420542, levelgen mode: deterministic

14560 Delamore the Severer (level 12, 0/119 HPs)
             Began as a Hill Orc Fighter on Nov 29, 2019.
             Was the Champion of Okawaru.
             Shot with an arrow by a centaur warrior (12 damage)
             ... on level 13 of the Dungeon.
             The game lasted 00:21:06 (12459 turns).

Delamore the Severer (Hill Orc Fighter)            Turns: 12459, Time: 00:21:07

Health: 0/119      AC: 18    Str: 24    XL:     12   Next: 17%
Magic:  12/12      EV:  4    Int:  8    God:    Okawaru [******]
Gold:   728        SH: 12    Dex: 14    Spells: 11/11 levels left

rFire    . . .     SeeInvis +   H - +3 hand axe "Murmur" {freeze, Dex+4 SInv}
rCold    . . .     Gourm    .   P - +2 shield
rNeg     + . .     Faith    .   z - +0 plate armour
rPois    .         Spirit   .   k - +0 helmet
rElec    .         Reflect  .   (no cloak)
rCorr    .         Harm     .   u - +1 pair of gloves
MR       .....                  R - +0 pair of boots {Stlth+}
Stlth    ..........             e - amulet of regeneration
HPRegen  0.69/turn              c - +3 ring of protection
MPRegen  0.13/turn              S - ring of positive energy

@: no status effects
A: no striking features
a: Heroism, Finesse, Renounce Religion


You were on level 13 of the Dungeon.
You worshipped Okawaru.
Okawaru was exalted by your worship.
You were not hungry.

You visited 1 branch of the dungeon, and saw 13 of its levels.
You also visited: Ossuary.

You collected 823 gold pieces.
You spent 95 gold pieces at shops.

Inventory:

Hand Weapons
 H - the +3 hand axe "Murmur" (weapon) {freeze, Dex+4 SInv}
   (You found it on level 6 of the Dungeon)

   It has been specially enchanted to freeze those struck by it, causing extra
   injury to most foes and up to half again as much damage against particularly
   susceptible opponents.
   It can also slow down cold-blooded creatures.
   It affects your dexterity (+4).
   It lets you see invisible.
 M - a cursed +3 battleaxe of freezing
Missiles
 m - 35 poisoned darts (quivered)
 x - 4 atropa-tipped darts
 W - 4 curare-tipped darts
Armour
 k - a +0 helmet (worn)
 u - a +1 pair of gloves (worn)
 z - a +0 plate armour (worn)
 P - a +2 shield (worn)
 R - a +0 pair of boots of stealth (worn)
Jewellery
 c - a +3 ring of protection (left hand)
 e - an amulet of regeneration (around neck)
 j - an uncursed ring of protection from fire
 S - a ring of positive energy (right hand)
Wands
 l - a wand of polymorph (16)
 A - a wand of acid (11)
 I - a wand of flame (15)
 J - a wand of paralysis (16)
 Q - a wand of disintegration (12)
 T - a wand of iceblast (7)
Scrolls
 a - a scroll of identify
 b - 2 scrolls of amnesia
 g - a scroll of blinking
 i - 10 scrolls of remove curse
 q - a scroll of fog
 t - 3 scrolls of enchant armour
 w - a scroll of enchant weapon {unknown}
 y - a scroll of magic mapping
 C - 3 scrolls of immolation
 D - a scroll of acquirement
 G - a scroll of noise
 K - a scroll of silence
 L - a scroll of holy word
 N - a scroll of brand weapon
 O - 4 scrolls of teleportation
Potions
 d - 4 potions of might
 h - a potion of agility
 n - 3 potions of mutation
 o - 2 potions of heal wounds
 p - a potion of berserk rage
 r - 3 potions of flight {unknown}
 s - a potion of magic {unknown}
 E - 2 potions of cancellation {unknown}
 F - 3 potions of curing
 U - a potion of lignification {unknown}
 V - 2 potions of haste {unknown}
Comestibles
 f - 24 rations
 v - 2 chunks of flesh


   Skills:
 * Level 15.0 Fighting
 + Level 17.6 Axes
 - Level 3.2 Armour
 - Level 3.2 Shields


You had 11 spell levels left.
You didn't know any spells.
Your spell library contained the following spells:

 Spells                   Type           Power        Failure   Level  Hunger
 Animate Skeleton         Necr           N/A          100%        1    ##.....
 Apportation              Tloc           #.....       100%        1    ##.....
 Confusing Touch          Hex            #.....       100%        1    ##.....
 Summon Small Mammal      Summ           #...         100%        1    ##.....
 Bolt of Magma            Conj/Fire/Erth #.........   100%        5    ######.
 Iskenderun's Battlesphe  Conj/Chrm      #.......     100%        5    ######.
 Venom Bolt               Conj/Pois      #.........   100%        5    ######.
 Iron Shot                Conj/Erth      #.........   100%        6    #######
 Orb of Destruction       Conj           #.........   100%        7    #######
 Spellforged Servitor     Conj/Summ      #.........   100%        7    #######


Dungeon Overview and Level Annotations

Branches:
Dungeon (13/15)            Temple (0/1) D:4            Lair (0/6) D:9
    Orc (0/2) D:10        Ossuary (visited)
 Vaults: D:13-14

Altars:
Ashenzari
Cheibriados
Elyvilon
Fedhas
Gozag
Kikubaaqudgha
Makhleb
Okawaru
Ru
Sif Muna
Trog
Xom
Yredelemnul
Zin

Shops:
D:8 :}*%!   D:10 (:*   D:13 *?

Annotations:
D:11 Sonja
D:12 3 runed translucent doors, Bananafolds's ghost, journeyman DrAE


Message History

The sixfirhy hits you but does no damage.
The sixfirhy barely misses you.
The orc priest begins to cast a cantrip, but forgets the words!
The sixfirhy hits you.
* * * LOW HITPOINT WARNING * * *
The sixfirhy shocks you!
* * * LOW HITPOINT WARNING * * *
The sixfirhy disappears in a puff of smoke!
The centaur warrior shoots an arrow.
You block the arrow.
The kobold demonologist mumbles some strange words.
The centaur warrior shoots an arrow.
The arrow hits you.
* * * LOW HITPOINT WARNING * * *
Found a stone staircase leading down.
You see here 2 arrows.
Found a ration.
The centaur warrior shoots an arrow.
The arrow hits you!
* * * LOW HITPOINT WARNING * * *
You see here an arrow.
The centaur warrior shoots an arrow.
The arrow hits you!
You die...

###########5KK[(##
#)#K#..#
#3#....###
#c####...# #.#
#...# #.# #####
#.# ####.
#c######%.....
#....(@..#
#..####### ####


You could see a centaur warrior.

Vanquished Creatures
  A two-headed ogre (D:13)
  A tengu warrior (D:12)
  A wolf spider zombie (D:12)
  A deep elf mage (D:11)
  An ugly thing (D:11)
  2 gargoyles
  4 kobold demonologists
  4 trolls
  A hornet (D:10)
  5 hippogriffs
  Sigmund (D:4)
  A spriggan (D:8)
  A wyvern (D:9)
  6 yaks
  2 wraiths (D:13)
  2 basilisks (D:13)
  Edmund (D:4)
  6 orc warriors
  3 sky beasts
  4 ice beasts
  2 ogres
  7 centaurs
  A big kobold (D:8)
  9 bullfrogs
  3 scorpions
  17 wights
  15 killer bees
  2 howler monkeys
  7 crimson imps
  3 bullfrog zombies
  3 jellies
  3 centaur skeletons
  5 hounds
  A human zombie (Ossuary)
  A gnoll shaman (D:5)
  A bullfrog skeleton (D:6)
  9 orc priests
  16 orc wizards
  2 iguanas
  10 worker ants
  A killer bee zombie (D:9)
  A big kobold zombie (Ossuary)
  A hound zombie (D:9)
  6 mummies (Ossuary)
  A worker ant zombie (D:5)
  5 gnolls
  13 adders
  A howler monkey skeleton (D:10)
  5 shadow imps
  An ooze (D:4)
  An adder zombie (D:5)
  2 worms (D:2)
  3 dart slugs (D:1)
  4 leopard geckos
  51 orcs
  2 ball pythons (D:3)
  19 giant cockroaches
  A gnoll zombie (Ossuary)
  9 goblins
  6 hobgoblins
  8 jackals
  12 kobolds
  2 quokkas
  4 bats
  6 frilled lizards
  A goblin zombie (Ossuary)
  3 hobgoblin zombies (Ossuary)
  2 jackal skeletons
  2 leopard gecko skeletons
  An orc zombie (Ossuary)
  A quokka skeleton (D:2)
  A quokka zombie (D:5)
  4 rats
  A spectral orc (D:5)
346 creatures vanquished.

Vanquished Creatures (others)
  2 plants (D:12)
2 creatures vanquished.

Grand Total: 348 creatures vanquished

Notes
Turn   | Place    | Note
-------+----------+-------------------------------------------
     0 | D:1      | Delamore the Hill Orc Fighter began the quest for the Orb.
     0 | D:1      | Reached XP level 1. HP: 19/19 MP: 1/1
    71 | D:1      | Reached skill level 3 in Axes
   205 | D:1      | Reached XP level 2. HP: 26/26 MP: 2/2
   234 | D:1      | Reached skill level 4 in Axes
   387 | D:1      | Reached XP level 3. HP: 30/31 MP: 3/3
   562 | D:1      | Reached skill level 5 in Axes
   695 | D:2      | Reached XP level 4. HP: 26/39 MP: 4/4
   899 | D:2      | Reached skill level 6 in Axes
  1344 | D:2      | Reached XP level 5. HP: 45/45 MP: 5/5
  1351 | D:2      | Found a snail-covered altar of Cheibriados.
  1624 | D:3      | Found a white marble altar of Elyvilon.
  1624 | D:3      | Found a sacrificial altar of Ru.
  1725 | D:3      | Found a shimmering blue altar of Sif Muna.
  1734 | D:3      | Reached skill level 7 in Axes
  2009 | D:3      | Found an opulent altar of Gozag.
  2054 | D:3      | Found an iron altar of Okawaru.
  2076 | D:3      | Became a worshipper of Warmaster Okawaru
  2669 | D:4      | Reached skill level 8 in Axes
  2669 | D:4      | Reached XP level 6. HP: 48/51 MP: 6/6
  2690 | D:4      | Noticed Sigmund
  2929 | D:4      | Killed Sigmund
  2929 | D:4      | Reached skill level 9 in Axes
  3162 | D:4      | Found a staircase to the Ecumenical Temple.
  3255 | D:4      | Reached * piety under Okawaru
  3255 | D:4      | Reached XP level 7. HP: 56/57 MP: 7/7
  3337 | D:4      | Reached skill level 10 in Axes
  3571 | D:4      | Noticed Edmund
  3589 | D:4      | Killed Edmund
  3634 | D:4      | Reached skill level 11 in Axes
  3837 | D:5      | Entered Level 5 of the Dungeon
  3852 | D:5      | Found a shattered altar of Ashenzari.
  3880 | D:5      | Reached ** piety under Okawaru
  3895 | D:5      | Reached XP level 8. HP: 62/64 MP: 8/8
  3952 | D:5      | Reached skill level 12 in Axes
  4475 | D:5      | Found a basalt altar of Yredelemnul.
  4537 | D:5      | Found an ancient bone altar of Kikubaaqudgha.
  4909 | D:5      | Reached skill level 13 in Axes
  5341 | D:6      | Found a sand-covered staircase.
  5355 | Ossuary  | Entered an ossuary
  5610 | D:6      | Reached *** piety under Okawaru
  5649 | D:6      | Got a faintly glowing hand axe
  5670 | D:6      | Identified the +3 hand axe "Murmur" {freeze, Dex+4 SInv}
                  | (You found it on level 6 of the Dungeon)
  5747 | D:6      | Reached skill level 14 in Axes
  5747 | D:6      | Reached XP level 9. HP: 70/70 MP: 9/9
  6066 | D:6      | Found a burning altar of Makhleb.
  6068 | D:6      | Noticed a blizzard demon
  6069 | D:6      | Found a glowing silver altar of Zin.
  6069 | D:6      | Noticed an angel
  6285 | D:7      | Reached skill level 5 in Fighting
  6443 | D:7      | Found a bloodstained altar of Trog.
  6555 | D:7      | Reached **** piety under Okawaru
  6795 | D:8      | Found Ecseod's Gadget Emporium.
  6857 | D:8      | Reached skill level 15 in Axes
  6954 | D:8      | Found a shimmering altar of Xom.
  7086 | D:8      | Reached XP level 10. HP: 53/88 MP: 10/10
  7163 | D:8      | Found Pabuuvie's Food Shoppe.
  7410 | D:8      | Found Hosyg's Book Shoppe.
  7446 | D:8      | Found Paw Qele's Assorted Antiques.
  7455 | D:8      | Bought 2 scrolls labeled XUCVILU ZYRCH for 58 gold pieces
  7608 | D:8      | Found Gucolit's Distillery.
  7614 | D:8      | Bought a potion of degeneration for 13 gold pieces
  7793 | D:9      | Reached ***** piety under Okawaru
  7916 | D:9      | Reached skill level 10 in Fighting
  7924 | D:9      | Found a staircase to the Lair.
  8382 | D:10     | Entered Level 10 of the Dungeon
  8392 | D:10     | Found Suyfepin's Weapon Shop.
  8496 | D:10     | Reached skill level 16 in Axes
  8726 | D:10     | Found a staircase to the Orcish Mines.
  8767 | D:10     | Found Edwuwn's Book Emporium.
  9083 | D:10     | Found a blossoming altar of Fedhas.
  9229 | D:10     | Reached XP level 11. HP: 104/104 MP: 11/11
  9289 | D:10     | Found Fisud's Assorted Antiques.
  9313 | D:10     | Bought a cyan potion for 24 gold pieces
  9976 | D:11     | Noticed a red ugly thing
  9992 | D:11     | Killed a red ugly thing
  9992 | D:11     | Received a gift from Okawaru
 10042 | D:11     | Noticed Sonja
 11062 | D:12     | Found a snail-covered altar of Cheibriados.
 11065 | D:12     | Noticed a deep elf mage
 11222 | D:11     | Killed a deep elf mage
 11429 | D:12     | Identified a scroll of acquirement
 11495 | D:12     | Reached skill level 17 in Axes
 11608 | D:12     | Noticed a tengu warrior
 11627 | D:12     | Killed a tengu warrior
 11665 | D:12     | Found a runed translucent gate.
 11665 | D:12     | Found a runed translucent gate.
 11665 | D:12     | Found a runed translucent gate.
 11666 | D:12     | Noticed a 12-headed hydra
 11666 | D:12     | Noticed Bananafolds's ghost (journeyman DrAE)
 11754 | D:12     | You fall into a shaft and drop 1 floor!
 11754 | D:13     | Found Witeafes's Magic Scroll Boutique.
 11754 | D:13     | Noticed a five-headed hydra
 11755 | D:13     | Noticed a centaur warrior
 11760 | D:13     | Found Sih Jiyrru's Pet Rocks.
 11809 | D:13     | Reached ****** piety under Okawaru
 12098 | D:12     | Reached XP level 12. HP: 95/118 MP: 12/12
 12414 | D:13     | Noticed a two-headed ogre
 12437 | D:13     | Noticed a soul eater
 12439 | D:13     | Noticed a sun demon
 12449 | D:13     | Killed a two-headed ogre
 12449 | D:13     | Received a gift from Okawaru
 12449 | D:13     | Reached skill level 15 in Fighting
 12459 | D:13     | Shot with an arrow by a centaur warrior

Levels and vault maps discovered:
D:1:      giann_wishing_wells, layout_loops_cross, minmay_misc_feat_tower,
          minmay_hexomino_f4
D:2:      minmay_roachtagon, layout_basic, lemuel_crystal_altar,
          cheibrodos_gnoll_hut
D:3:      layout_rooms, okawaru_trees_2, nicolae_overflow_crystal_walls,
          led_sif_book, gammafunk_temple_overflow_wave
D:4:      minmay_skewed_foursquare, layout_loops_ring,
          minmay_temple_entry_trees, chequers_serial_rivers_marsh,
          chequers_decorated_corner, uniq_sigmund, uniq_edmund
D:5:      minmay_angry_zag, layout_basic, overflow_temple_1_default,
          yredelemnul_forgotten_temple_becter, lemuel_crystal_altar,
          first_ration
D:6:      layout_cave_pools, grunt_temple_overflow_order_and_chaos_2,
          enter_ossuary_1
D:7:      layout_rooms, old_standard_altar
D:8:      layout_gridville, basic_altar, serial_shops, shop, shop_fountains,
          nicolae_shop_temple_entry_statues_fountains, shop_statue,
          nicolae_shop_crystal, the_bakery, lightli_minifort
D:9:      layout_long_grid, dpeg_oklobed_lair
D:10:     layout_long_grid, hiddenorc1_lemuel, serial_shops, shop, shop_statue,
          nicolae_shop_stone, lemuel_centaur_altar
D:11:     layout_stronghold, uniq_sonja
D:12:     layout_loops_ring, basic_altar, gammafunk_ghost_hydra_chop
D:13:     layout_rooms, grunt_vaults_entry_tiered, serial_shops,
          nicolae_shop_waterfront, guppyfry_shop_earth

Skill      XL: |  1  2  3  4  5  6  7  8  9 10 11 12 |
---------------+-------------------------------------+-----
Axes           | 3 4 5 6 8 9 11 14 15 16 17 | 17.6
Fighting       | 8 11 14 15 | 15.0
Armour         | |  3.2
Shields        | |  3.2

Action                   |  1- 3 |  4- 6 |  7- 9 | 10-12 || total
-------------------------+-------+-------+-------+-------++-------
Melee: War axe           |    87 |   165 |   332 |       ||   584
       Hand axe          |       |       |   197 |   683 ||   880
Throw: Dart              |       |    26 |       |     2 ||    28
Invok: Heroism           |       |       |       |     1 ||     1
  Use: Scroll            |       |     4 |     7 |    10 ||    21
       Potion            |       |       |       |     2 ||     2
  Eat: Chunk             |       |     7 |    14 |    14 ||    35
       Ration            |       |       |       |     1 ||     1
Armor: Scale mail        |    28 |    79 |       |       ||   107
       Plate armour      |       |    24 |   272 |   348 ||   644
Dodge: Dodged            |    35 |    43 |    60 |    85 ||   223
Block: Shield            |    40 |    76 |   201 |   347 ||   664
